[ AOE2 MATCH · #505880781 ]
UnrankedBerbers vs Turks
[ REPLAY ANALYSIS · EXTRACTED FROM THE RECORDED GAME ]
Feudal
12:43
Castle
16:42
Imperial
—
| APM avg | 22.9 |
| APM peak | 46 |
| eAPM avg | 17.4 |
| Villagers / military | 60 / 6 |
Focus
⚔️ 12.3% · 🌾 87.7%
Knight ×4 · Spearman ×2
Feudal
10:06
Castle
16:28
Imperial
—
| APM avg | 26.1 |
| APM peak | 64 |
| eAPM avg | 14.9 |
| Villagers / military | 52 / 19 |
Focus
⚔️ 15.4% · 🌾 84.6%
Janissary ×17 · Battering Ram ×2
Feudal
11:43
Castle
15:13
Imperial
—
| APM avg | 16.9 |
| APM peak | 32 |
| eAPM avg | 10.8 |
| Villagers / military | 50 / 3 |
Focus
⚔️ 13.6% · 🌾 86.4%
Conquistador ×3
Feudal
12:39
Castle
17:27
Imperial
—
| APM avg | 30.2 |
| APM peak | 61 |
| eAPM avg | 10.4 |
| Villagers / military | 58 / 0 |
Focus
⚔️ 2.5% · 🌾 97.5%
Feudal
14:01
Castle
17:37
Imperial
—
| APM avg | 30.8 |
| APM peak | 53 |
| eAPM avg | 19.3 |
| Villagers / military | 48 / 3 |
Focus
⚔️ 10.5% · 🌾 89.5%
Mangonel ×3
Feudal
13:03
Castle
—
Imperial
—
| APM avg | 48.7 |
| APM peak | 85 |
| eAPM avg | 18.9 |
| Villagers / military | 56 / 10 |
Focus
⚔️ 9.4% · 🌾 90.6%
Militia ×10
Feudal
12:37
Castle
17:24
Imperial
—
| APM avg | 21.1 |
| APM peak | 51 |
| eAPM avg | 9.1 |
| Villagers / military | 53 / 2 |
Focus
⚔️ 5.7% · 🌾 94.3%
Monk ×2
Feudal
11:49
Castle
16:17
Imperial
—
| APM avg | 29.2 |
| APM peak | 50 |
| eAPM avg | 16.1 |
| Villagers / military | 66 / 5 |
Focus
⚔️ 11.2% · 🌾 88.8%
Scorpion ×3 · Mangonel ×1 · Spearman ×1
Match map
Initial resources + every placement click. Lines = walls · curves = elevation contours. ◆ gold · ⬟ stone · ● berries · ✦ relic · ◌ wall gap
Your base· ✓ Closed at 16:42 · 9t walls · no gate
76561199637642898's base· Open — opponent sealed themselves in
Wololoagain1's base· ✓ Closed at 15:13 · 15t walls · no gate
蕾开丝滑's base· Open — opponent sealed themselves in
TdB.victor2.01's base· ✓ Closed at 17:37 · 17t walls · no gate
Tintagel's base· Open — opponent sealed themselves in
CARANZA's base· ✓ Closed at 17:24 · 0t walls · no gate
鐵之貝克's base· Open — opponent sealed themselves in
Smoothed initial terrain · ◌ = detected wall gap · hover for details
Inputs per minute
— Marneus - - 76561199637642898
Build order — Marneus
110 actions detected in the replay
| 0:01 | Queue | Villager (Male) |
| 0:01 | Queue | Villager (Male) |
| 0:01 | Queue | Villager (Male) |
| 0:04 | Build | House |
| 0:05 | Build | House |
| 0:12 | Queue | Villager (Male) |
| 0:12 | Queue | Villager (Male) |
| 1:06 | Build | House |
| 1:08 | Build | Palisade Wall |
| 1:33 | Research | Loom |
| 1:43 | Queue | Villager (Male) |
| 1:43 | Queue | Villager (Male) |
| 1:43 | Queue | Villager (Male) |
| 2:34 | Queue | Villager (Male) |
| 2:35 | Queue | Villager (Male) |
| 3:16 | Queue | Villager (Male) |
| 3:16 | Queue | Villager (Male) |
| 3:26 | Build | Lumber Camp |
| 3:49 | Queue | Villager (Male) |
| 3:50 | Queue | Villager (Male) |
| 4:36 | Queue | Villager (Male) |
| 4:36 | Queue | Villager (Male) |
| 5:00 | Queue | Villager (Male) |
| 5:00 | Queue | Villager (Male) |
| 5:25 | Queue | Villager (Male) |
| 5:25 | Queue | Villager (Male) |
| 5:54 | Queue | Villager (Male) |
| 5:54 | Queue | Villager (Male) |
| 6:01 | Build | Mill |
| 6:12 | Queue | Villager (Male) |
| 6:12 | Queue | Villager (Male) |
| 6:23 | Build | House |
| 6:48 | Queue | Villager (Male) |
| 6:48 | Queue | Villager (Male) |
| 6:48 | Queue | Villager (Male) |
| 7:16 | Queue | Villager (Male) |
| 7:16 | Queue | Villager (Male) |
| 7:23 | Queue | Villager (Male) |
| 7:23 | Queue | Villager (Male) |
| 7:42 | Build | House |
| 7:50 | Queue | Villager (Male) |
| 7:51 | Queue | Villager (Male) |
| 7:51 | Queue | Villager (Male) |
| 8:22 | Queue | Villager (Male) |
| 8:22 | Queue | Villager (Male) |
| 9:19 | Build | Lumber Camp |
| 9:26 | Queue | Villager (Male) |
| 10:03 | Queue | Villager (Male) |
| 10:31 | Research | Feudal Age |
| 10:41 | Build | Mining Camp |
| 10:49 | Queue | Villager (Male) |
| 10:50 | Queue | Villager (Male) |
| 11:36 | Build | Farm |
| 11:39 | Build | Farm |
| 12:03 | Build | Mill |
| 12:22 | Build | House |
| 12:27 | Build | House |
| 12:43 | Queue | Villager (Male) |
| 12:43 | Age | Feudal Age |
| 12:49 | Build | Market |
| 13:11 | Build | Blacksmith |
| 14:02 | Research | Castle Age |
| 14:27 | Build | Farm |
| 14:28 | Build | Farm |
| 14:42 | Research | Double-Bit Axe |
| 14:42 | Research | Double-Bit Axe |
| 15:24 | Queue | Villager (Male) |
| 15:33 | Research | Horse Collar |
| 16:42 | Age | Castle Age |
| 16:44 | Build | Town Center |
| 16:50 | Build | Town Center |
| 16:55 | Queue | Villager (Male) |
| 17:12 | Build | Farm |
| 17:22 | Queue | Villager (Male) |
| 17:36 | Build | Farm |
| 17:40 | Queue | Villager (Male) |
| 17:40 | Queue | Villager (Male) |
| 17:55 | Build | Barracks |
| 17:56 | Build | House |
| 18:01 | Queue | Villager (Male) |
| 18:01 | Queue | Villager (Male) |
| 18:04 | Build | Farm |
| 18:11 | Build | Farm |
| 18:15 | Queue | Villager (Male) |
| 18:51 | Queue | Spearman |
| 18:51 | Queue | Spearman |
| 18:57 | Build | Stable |
| 19:01 | Queue | Villager (Male) |
| 19:08 | Build | Farm |
| 19:09 | Build | Farm |
| 19:10 | Build | Farm |
| 19:29 | Queue | Villager (Male) |
| 19:38 | Queue | Villager (Male) |
| 19:38 | Queue | Villager (Male) |
| 20:06 | Queue | Knight |
| 20:06 | Queue | Knight |
| 20:07 | Queue | Knight |
| 20:09 | Queue | Villager (Male) |
| 20:09 | Queue | Villager (Male) |
| 20:24 | Build | House |
| 20:26 | Build | House |
| 20:28 | Build | House |
| 20:31 | Build | House |
| 20:41 | Queue | Knight |
| 21:13 | Queue | Villager (Male) |
| 21:14 | Queue | Villager (Male) |
| 21:14 | Queue | Villager (Male) |
| 21:20 | Build | Palisade Wall |
| 21:21 | Queue | Villager (Male) |
| 21:22 | Queue | Villager (Male) |
Build order — 76561199637642898
120 actions detected in the replay
| 0:01 | Queue | Villager (Male) |
| 0:01 | Queue | Villager (Male) |
| 0:01 | Queue | Villager (Male) |
| 0:02 | Build | House |
| 0:03 | Build | House |
| 0:10 | Queue | Villager (Male) |
| 1:24 | Queue | Villager (Male) |
| 1:24 | Queue | Villager (Male) |
| 1:52 | Queue | Villager (Male) |
| 1:53 | Queue | Villager (Male) |
| 2:19 | Queue | Villager (Male) |
| 2:20 | Queue | Villager (Male) |
| 2:32 | Queue | Villager (Male) |
| 2:32 | Queue | Villager (Male) |
| 2:48 | Build | Lumber Camp |
| 3:09 | Queue | Villager (Male) |
| 3:09 | Queue | Villager (Male) |
| 3:10 | Queue | Villager (Male) |
| 3:56 | Queue | Villager (Male) |
| 3:57 | Queue | Villager (Male) |
| 3:57 | Queue | Villager (Male) |
| 4:19 | Build | House |
| 4:39 | Build | Mill |
| 4:53 | Queue | Villager (Male) |
| 4:53 | Queue | Villager (Male) |
| 4:54 | Queue | Villager (Male) |
| 4:54 | Queue | Villager (Male) |
| 5:36 | Queue | Villager (Male) |
| 5:37 | Build | House |
| 6:43 | Queue | Villager (Male) |
| 6:43 | Queue | Villager (Male) |
| 7:22 | Queue | Villager (Male) |
| 7:34 | Build | Mining Camp |
| 7:49 | Research | Feudal Age |
| 8:10 | Build | Mill |
| 8:19 | Queue | Villager (Male) |
| 8:19 | Queue | Villager (Male) |
| 9:23 | Queue | Villager (Male) |
| 9:23 | Queue | Villager (Male) |
| 9:31 | Build | House |
| 10:06 | Age | Feudal Age |
| 10:08 | Build | Stone Wall |
| 10:12 | Build | Stone Wall |
| 10:22 | Queue | Villager (Male) |
| 10:59 | Build | Gate |
| 11:23 | Queue | Villager (Male) |
| 11:33 | Queue | Villager (Male) |
| 12:00 | Build | Mining Camp |
| 12:36 | Queue | Villager (Male) |
| 12:38 | Build | Blacksmith |
| 12:58 | Build | Market |
| 13:48 | Research | Castle Age |
| 13:48 | Research | Castle Age |
| 14:06 | Research | Double-Bit Axe |
| 14:10 | Research | Horse Collar |
| 14:10 | Research | Horse Collar |
| 14:43 | Build | House |
| 14:51 | Build | Farm |
| 14:57 | Build | Farm |
| 15:09 | Build | Farm |
| 15:12 | Queue | Villager (Male) |
| 15:13 | Queue | Villager (Male) |
| 15:22 | Build | Farm |
| 15:24 | Build | Farm |
| 15:34 | Build | Farm |
| 16:28 | Age | Castle Age |
| 16:28 | Queue | Villager (Male) |
| 16:40 | Build | Farm |
| 16:40 | Build | Farm |
| 16:40 | Build | Farm |
| 16:40 | Build | Farm |
| 16:46 | Build | Castle |
| 16:48 | Queue | Villager (Male) |
| 16:52 | Build | Farm |
| 17:00 | Research | Padded Archer Armor |
| 17:03 | Queue | Villager (Male) |
| 17:34 | Build | Farm |
| 17:39 | Build | Farm |
| 18:02 | Queue | Janissary |
| 18:03 | Queue | Janissary |
| 18:03 | Queue | Janissary |
| 18:03 | Queue | Janissary |
| 18:03 | Queue | Janissary |
| 18:13 | Build | Mining Camp |
| 18:14 | Queue | Janissary |
| 18:14 | Queue | Janissary |
| 18:33 | Queue | Villager (Male) |
| 18:37 | Build | Farm |
| 18:39 | Build | Farm |
| 18:57 | Queue | Janissary |
| 18:57 | Queue | Janissary |
| 19:08 | Queue | Villager (Male) |
| 19:12 | Build | Farm |
| 19:14 | Queue | Villager (Male) |
| 19:14 | Queue | Villager (Male) |
| 19:15 | Build | Farm |
| 19:52 | Queue | Janissary |
| 19:52 | Queue | Janissary |
| 19:53 | Queue | Janissary |
| 20:05 | Queue | Villager (Male) |
| 20:07 | Queue | Villager (Male) |
| 20:11 | Build | Farm |
| 20:12 | Build | Farm |
| 20:14 | Build | Farm |
| 20:15 | Build | Farm |
| 20:38 | Queue | Villager (Male) |
| 20:39 | Queue | Villager (Male) |
| 20:48 | Build | Siege Workshop |
| 21:29 | Queue | Villager (Male) |
| 21:29 | Queue | Villager (Male) |
| 21:31 | Queue | Villager (Male) |
| 21:45 | Queue | Battering Ram |
| 21:45 | Queue | Battering Ram |
| 21:48 | Queue | Villager (Male) |
| 21:49 | Queue | Villager (Male) |
| 21:54 | Queue | Janissary |
| 21:54 | Queue | Janissary |
| 21:54 | Queue | Janissary |
| 21:54 | Queue | Janissary |
| 21:54 | Queue | Janissary |
Build order — Wololoagain1
104 actions detected in the replay
| 0:03 | Queue | Villager (Male) |
| 0:04 | Queue | Villager (Male) |
| 0:04 | Queue | Villager (Male) |
| 0:05 | Build | House |
| 0:07 | Build | House |
| 0:21 | Queue | Villager (Male) |
| 0:21 | Queue | Villager (Male) |
| 1:27 | Queue | Villager (Male) |
| 1:27 | Queue | Villager (Male) |
| 2:02 | Build | Lumber Camp |
| 2:03 | Queue | Villager (Male) |
| 2:03 | Queue | Villager (Male) |
| 2:19 | Queue | Villager (Male) |
| 2:19 | Queue | Villager (Male) |
| 2:48 | Queue | Villager (Male) |
| 2:48 | Queue | Villager (Male) |
| 3:19 | Queue | Villager (Male) |
| 3:20 | Queue | Villager (Male) |
| 3:42 | Queue | Villager (Male) |
| 3:42 | Queue | Villager (Male) |
| 4:05 | Queue | Villager (Male) |
| 4:05 | Queue | Villager (Male) |
| 4:09 | Build | Mill |
| 4:47 | Research | Loom |
| 4:52 | Build | House |
| 5:07 | Queue | Villager (Male) |
| 5:07 | Queue | Villager (Male) |
| 5:08 | Queue | Villager (Male) |
| 5:11 | Build | House |
| 5:13 | Build | House |
| 5:41 | Queue | Villager (Male) |
| 6:34 | Queue | Villager (Male) |
| 6:34 | Queue | Villager (Male) |
| 7:20 | Queue | Villager (Male) |
| 7:56 | Queue | Villager (Male) |
| 7:56 | Queue | Villager (Male) |
| 8:16 | Build | Mining Camp |
| 8:50 | Queue | Villager (Male) |
| 9:31 | Queue | Villager (Male) |
| 9:33 | Research | Feudal Age |
| 9:54 | Queue | Villager (Male) |
| 10:02 | Queue | Villager (Male) |
| 11:09 | Build | Palisade Wall |
| 11:43 | Age | Feudal Age |
| 11:46 | Build | Market |
| 11:48 | Build | Blacksmith |
| 12:05 | Build | Stone Wall |
| 12:28 | Research | Castle Age |
| 12:35 | Build | Mining Camp |
| 12:46 | Research | Double-Bit Axe |
| 12:53 | Research | Horse Collar |
| 12:58 | Build | Farm |
| 12:59 | Build | Farm |
| 13:47 | Build | House |
| 14:10 | Queue | Villager (Male) |
| 14:13 | Research | Double-Bit Axe |
| 14:19 | Build | Farm |
| 14:25 | Build | Farm |
| 14:29 | Build | House |
| 14:56 | Build | Outpost |
| 15:00 | Queue | Villager (Male) |
| 15:10 | Build | Farm |
| 15:13 | Build | Farm |
| 15:13 | Age | Castle Age |
| 15:18 | Queue | Villager (Male) |
| 15:32 | Research | Town Watch |
| 15:36 | Build | Farm |
| 15:46 | Build | Farm |
| 15:55 | Build | House |
| 16:26 | Queue | Villager (Male) |
| 16:26 | Queue | Villager (Male) |
| 16:33 | Build | Farm |
| 16:49 | Build | Gate |
| 16:53 | Queue | Villager (Male) |
| 17:03 | Queue | Villager (Male) |
| 17:15 | Build | Farm |
| 17:47 | Queue | Villager (Male) |
| 17:47 | Queue | Villager (Male) |
| 18:05 | Build | Outpost |
| 18:22 | Build | Farm |
| 18:23 | Build | Farm |
| 18:24 | Build | Farm |
| 18:30 | Queue | Villager (Male) |
| 19:14 | Queue | Villager (Male) |
| 19:14 | Queue | Villager (Male) |
| 19:23 | Build | Farm |
| 19:25 | Build | Farm |
| 19:26 | Build | Farm |
| 19:36 | Build | Outpost |
| 20:15 | Build | Castle |
| 20:24 | Queue | Villager (Male) |
| 20:24 | Queue | Villager (Male) |
| 20:24 | Queue | Villager (Male) |
| 20:35 | Build | House |
| 20:38 | Build | House |
| 20:43 | Build | Palisade Wall |
| 20:56 | Queue | Villager (Male) |
| 20:56 | Queue | Villager (Male) |
| 21:10 | Build | Town Center |
| 21:16 | Research | Padded Archer Armor |
| 21:18 | Queue | Villager (Male) |
| 21:32 | Queue | Conquistador |
| 21:32 | Queue | Conquistador |
| 21:33 | Queue | Conquistador |
Build order — 蕾开丝滑
127 actions detected in the replay
| 0:02 | Build | House |
| 0:03 | Queue | Villager (Male) |
| 0:03 | Queue | Villager (Male) |
| 0:04 | Build | House |
| 0:20 | Queue | Villager (Male) |
| 0:21 | Queue | Villager (Male) |
| 0:23 | Research | Loom |
| 0:41 | Queue | Villager (Male) |
| 1:33 | Queue | Villager (Male) |
| 2:29 | Queue | Villager (Male) |
| 2:32 | Build | Lumber Camp |
| 2:36 | Build | Mining Camp |
| 2:42 | Build | Lumber Camp |
| 2:44 | Queue | Villager (Male) |
| 3:11 | Queue | Villager (Male) |
| 3:13 | Queue | Villager (Male) |
| 3:57 | Queue | Villager (Male) |
| 4:09 | Queue | Villager (Male) |
| 4:20 | Build | Mill |
| 4:25 | Build | Mill |
| 4:28 | Queue | Villager (Male) |
| 5:18 | Queue | Villager (Male) |
| 5:39 | Queue | Villager (Male) |
| 5:41 | Build | Mining Camp |
| 5:57 | Build | House |
| 5:58 | Build | House |
| 6:08 | Build | House |
| 6:11 | Queue | Villager (Male) |
| 6:37 | Queue | Villager (Male) |
| 6:37 | Queue | Villager (Male) |
| 7:20 | Queue | Villager (Male) |
| 7:38 | Queue | Villager (Male) |
| 7:38 | Queue | Villager (Male) |
| 8:18 | Build | Farm |
| 8:34 | Queue | Villager (Male) |
| 9:09 | Queue | Villager (Male) |
| 9:39 | Queue | Villager (Male) |
| 9:57 | Queue | Villager (Male) |
| 10:03 | Build | Farm |
| 10:08 | Build | Farm |
| 10:16 | Research | Feudal Age |
| 10:37 | Build | Farm |
| 11:49 | Queue | Villager (Male) |
| 11:50 | Queue | Villager (Male) |
| 12:39 | Age | Feudal Age |
| 12:55 | Build | Market |
| 12:59 | Research | Double-Bit Axe |
| 13:00 | Research | Horse Collar |
| 13:10 | Queue | Villager (Male) |
| 13:50 | Build | Blacksmith |
| 13:54 | Queue | Villager (Male) |
| 14:22 | Queue | Villager (Male) |
| 14:36 | Build | House |
| 14:37 | Build | House |
| 14:43 | Research | Castle Age |
| 15:54 | Build | House |
| 15:55 | Build | House |
| 15:56 | Build | House |
| 16:23 | Build | Farm |
| 16:29 | Build | Farm |
| 16:43 | Build | Farm |
| 16:48 | Queue | Villager (Male) |
| 16:48 | Queue | Villager (Male) |
| 17:24 | Build | House |
| 17:27 | Age | Castle Age |
| 17:30 | Build | Town Center |
| 17:35 | Queue | Villager (Male) |
| 17:43 | Build | Town Center |
| 17:45 | Research | Bow Saw |
| 17:46 | Research | Heavy Plow |
| 17:56 | Build | Farm |
| 18:00 | Build | House |
| 18:02 | Build | House |
| 18:15 | Queue | Villager (Male) |
| 18:24 | Queue | Villager (Male) |
| 18:29 | Queue | Villager (Male) |
| 18:29 | Queue | Villager (Male) |
| 18:34 | Queue | Villager (Male) |
| 18:47 | Build | Town Center |
| 18:49 | Queue | Villager (Male) |
| 18:50 | Queue | Villager (Male) |
| 18:52 | Research | Wheelbarrow |
| 18:56 | Queue | Villager (Male) |
| 18:56 | Queue | Villager (Male) |
| 19:01 | Build | House |
| 19:03 | Build | House |
| 19:04 | Build | House |
| 19:12 | Queue | Villager (Male) |
| 19:13 | Queue | Villager (Male) |
| 19:31 | Queue | Villager (Male) |
| 19:31 | Queue | Villager (Male) |
| 19:39 | Build | Mill |
| 19:40 | Build | Farm |
| 19:40 | Build | Farm |
| 19:41 | Build | Farm |
| 19:41 | Build | Farm |
| 19:53 | Build | Farm |
| 20:01 | Build | Farm |
| 20:08 | Build | Farm |
| 20:08 | Build | Farm |
| 20:11 | Queue | Villager (Male) |
| 20:11 | Queue | Villager (Male) |
| 20:29 | Build | House |
| 20:33 | Build | House |
| 20:34 | Build | House |
| 20:37 | Queue | Villager (Male) |
| 20:37 | Queue | Villager (Male) |
| 20:43 | Queue | Villager (Male) |
| 20:43 | Queue | Villager (Male) |
| 20:47 | Queue | Villager (Male) |
| 20:47 | Queue | Villager (Male) |
| 20:49 | Queue | Villager (Male) |
| 20:55 | Build | Farm |
| 20:56 | Build | Farm |
| 20:57 | Build | Farm |
| 21:17 | Build | Mill |
| 21:18 | Build | Farm |
| 21:18 | Build | Farm |
| 21:18 | Build | Farm |
| 21:19 | Build | Farm |
| 21:19 | Build | Farm |
| 21:19 | Build | Farm |
| 21:23 | Build | Farm |
| 21:25 | Queue | Villager (Male) |
| 21:26 | Queue | Villager (Male) |
| 21:28 | Queue | Villager (Male) |
| 21:52 | Build | Castle |
Build order — TdB.victor2.01
101 actions detected in the replay
| 0:01 | Queue | Villager (Male) |
| 0:01 | Queue | Villager (Male) |
| 0:02 | Queue | Villager (Male) |
| 0:02 | Queue | Villager (Male) |
| 0:02 | Queue | Villager (Male) |
| 0:04 | Build | House |
| 0:07 | Build | House |
| 0:27 | Queue | Villager (Male) |
| 0:28 | Queue | Villager (Male) |
| 0:34 | Queue | Villager (Male) |
| 0:34 | Queue | Villager (Male) |
| 0:48 | Build | Palisade Wall |
| 1:02 | Build | Palisade Wall |
| 1:53 | Queue | Villager (Male) |
| 1:53 | Queue | Villager (Male) |
| 2:32 | Queue | Villager (Male) |
| 2:32 | Queue | Villager (Male) |
| 3:08 | Queue | Villager (Male) |
| 3:08 | Queue | Villager (Male) |
| 3:34 | Research | Loom |
| 3:35 | Research | Loom |
| 3:56 | Queue | Villager (Male) |
| 3:56 | Queue | Villager (Male) |
| 4:06 | Build | Lumber Camp |
| 4:12 | Queue | Villager (Male) |
| 4:13 | Queue | Villager (Male) |
| 4:42 | Queue | Villager (Male) |
| 4:43 | Queue | Villager (Male) |
| 5:12 | Queue | Villager (Male) |
| 5:12 | Queue | Villager (Male) |
| 5:36 | Queue | Villager (Male) |
| 5:37 | Queue | Villager (Male) |
| 5:44 | Build | House |
| 6:08 | Queue | Villager (Male) |
| 6:08 | Queue | Villager (Male) |
| 6:21 | Build | House |
| 6:25 | Build | House |
| 6:30 | Build | House |
| 6:45 | Queue | Villager (Male) |
| 6:45 | Queue | Villager (Male) |
| 7:05 | Queue | Villager (Male) |
| 7:06 | Queue | Villager (Male) |
| 7:06 | Queue | Villager (Male) |
| 7:40 | Queue | Villager (Male) |
| 7:40 | Queue | Villager (Male) |
| 8:16 | Queue | Villager (Male) |
| 8:16 | Queue | Villager (Male) |
| 8:17 | Queue | Villager (Male) |
| 8:49 | Build | House |
| 9:18 | Queue | Villager (Male) |
| 9:19 | Queue | Villager (Male) |
| 9:19 | Queue | Villager (Male) |
| 9:20 | Queue | Villager (Male) |
| 9:36 | Build | Mill |
| 9:37 | Queue | Villager (Male) |
| 9:37 | Queue | Villager (Male) |
| 9:37 | Queue | Villager (Male) |
| 11:49 | Build | Mining Camp |
| 11:51 | Research | Feudal Age |
| 11:51 | Research | Feudal Age |
| 14:01 | Age | Feudal Age |
| 14:57 | Research | Castle Age |
| 14:57 | Research | Castle Age |
| 15:18 | Build | Farm |
| 15:18 | Build | Farm |
| 15:19 | Build | Farm |
| 15:19 | Build | Farm |
| 15:19 | Build | Farm |
| 15:19 | Build | Farm |
| 15:20 | Build | Farm |
| 15:20 | Build | Farm |
| 15:20 | Build | Farm |
| 15:25 | Research | Horse Collar |
| 15:25 | Research | Horse Collar |
| 15:54 | Build | Farm |
| 16:12 | Research | Double-Bit Axe |
| 16:12 | Research | Double-Bit Axe |
| 17:05 | Build | Outpost |
| 17:06 | Build | Outpost |
| 17:12 | Build | Outpost |
| 17:37 | Age | Castle Age |
| 17:42 | Build | Town Center |
| 18:42 | Build | Siege Workshop |
| 18:58 | Queue | Villager (Male) |
| 18:58 | Queue | Villager (Male) |
| 18:59 | Queue | Villager (Male) |
| 18:59 | Queue | Villager (Male) |
| 19:09 | Build | Siege Workshop |
| 19:21 | Build | Farm |
| 19:22 | Build | Farm |
| 19:22 | Build | Farm |
| 19:22 | Build | Farm |
| 19:22 | Build | Farm |
| 19:22 | Build | Farm |
| 19:23 | Build | Farm |
| 19:23 | Build | Farm |
| 20:02 | Queue | Mangonel |
| 20:03 | Queue | Mangonel |
| 20:03 | Queue | Mangonel |
| 20:08 | Build | Farm |
| 20:27 | Build | Farm |
Build order — Tintagel
124 actions detected in the replay
| 0:01 | Queue | Villager (Male) |
| 0:02 | Queue | Villager (Male) |
| 0:02 | Build | House |
| 0:04 | Build | House |
| 0:23 | Queue | Villager (Male) |
| 0:23 | Queue | Villager (Male) |
| 0:24 | Queue | Villager (Male) |
| 1:29 | Queue | Villager (Male) |
| 1:29 | Queue | Villager (Male) |
| 1:51 | Build | Lumber Camp |
| 1:56 | Queue | Villager (Male) |
| 3:14 | Queue | Villager (Male) |
| 3:14 | Queue | Villager (Male) |
| 3:14 | Queue | Villager (Male) |
| 3:14 | Queue | Villager (Male) |
| 3:49 | Queue | Villager (Male) |
| 3:49 | Queue | Villager (Male) |
| 4:10 | Build | House |
| 4:12 | Queue | Villager (Male) |
| 4:50 | Build | Mill |
| 4:50 | Queue | Villager (Male) |
| 4:51 | Queue | Villager (Male) |
| 5:25 | Queue | Villager (Male) |
| 5:46 | Queue | Villager (Male) |
| 5:46 | Queue | Villager (Male) |
| 5:49 | Build | House |
| 6:43 | Queue | Villager (Male) |
| 6:43 | Queue | Villager (Male) |
| 6:44 | Queue | Villager (Male) |
| 6:44 | Queue | Villager (Male) |
| 6:44 | Queue | Villager (Male) |
| 6:51 | Build | House |
| 7:04 | Queue | Villager (Male) |
| 7:04 | Queue | Villager (Male) |
| 7:37 | Build | Lumber Camp |
| 7:58 | Queue | Villager (Male) |
| 8:50 | Queue | Villager (Male) |
| 9:17 | Queue | Villager (Male) |
| 9:17 | Queue | Villager (Male) |
| 9:52 | Queue | Villager (Male) |
| 10:18 | Build | Mill |
| 10:26 | Build | House |
| 10:43 | Research | Feudal Age |
| 11:08 | Build | Mining Camp |
| 12:33 | Queue | Villager (Male) |
| 12:33 | Queue | Villager (Male) |
| 12:43 | Build | Mining Camp |
| 13:03 | Age | Feudal Age |
| 13:05 | Research | Horse Collar |
| 13:06 | Research | Double-Bit Axe |
| 13:06 | Research | Gold Mining |
| 13:07 | Research | Stone Mining |
| 13:07 | Research | Stone Mining |
| 13:08 | Queue | Villager (Male) |
| 13:15 | Build | Barracks |
| 13:17 | Queue | Villager (Male) |
| 13:19 | Build | Farm |
| 13:19 | Build | Farm |
| 13:21 | Build | Farm |
| 13:21 | Build | Farm |
| 13:21 | Build | Farm |
| 13:22 | Build | Farm |
| 13:22 | Build | Farm |
| 13:22 | Build | Farm |
| 13:22 | Build | Farm |
| 13:42 | Queue | Villager (Male) |
| 13:42 | Queue | Villager (Male) |
| 14:06 | Build | Farm |
| 14:16 | Queue | Villager (Male) |
| 14:17 | Queue | Villager (Male) |
| 14:19 | Build | Farm |
| 14:20 | Queue | Villager (Male) |
| 14:34 | Build | House |
| 14:40 | Build | Farm |
| 14:54 | Build | Farm |
| 15:04 | Queue | Villager (Male) |
| 15:07 | Queue | Villager (Male) |
| 15:11 | Build | House |
| 15:12 | Build | House |
| 15:12 | Build | House |
| 15:27 | Build | Farm |
| 15:28 | Queue | Villager (Male) |
| 16:06 | Build | Farm |
| 16:07 | Build | Farm |
| 16:08 | Queue | Villager (Male) |
| 16:33 | Queue | Villager (Male) |
| 16:35 | Build | Blacksmith |
| 17:05 | Build | Farm |
| 17:06 | Build | Farm |
| 17:09 | Build | Lumber Camp |
| 17:16 | Build | House |
| 17:17 | Queue | Villager (Male) |
| 17:25 | Build | Farm |
| 17:41 | Queue | Villager (Male) |
| 17:43 | Build | Farm |
| 17:55 | Build | House |
| 18:00 | Build | House |
| 18:02 | Build | House |
| 18:03 | Queue | Villager (Male) |
| 18:04 | Queue | Villager (Male) |
| 18:12 | Build | Farm |
| 18:32 | Build | Farm |
| 18:37 | Build | Market |
| 19:11 | Research | Loom |
| 19:22 | Research | Castle Age |
| 19:49 | Build | Barracks |
| 19:50 | Build | Barracks |
| 20:05 | Research | Scale Mail Armor |
| 20:05 | Research | Forging |
| 20:14 | Queue | Villager (Male) |
| 20:14 | Queue | Villager (Male) |
| 20:14 | Queue | Villager (Male) |
| 20:15 | Queue | Villager (Male) |
| 20:15 | Queue | Villager (Male) |
| 20:18 | Build | Farm |
| 20:19 | Build | Farm |
| 20:21 | Build | Farm |
| 20:42 | Research | Man-at-Arms (upgrade) |
| 20:46 | Build | Barracks |
| 20:49 | Build | Barracks |
| 20:53 | Queue | Militia ×5 |
| 20:53 | Queue | Militia ×5 |
| 20:56 | Queue | Villager (Male) |
| 21:41 | Research | Arson |
Build order — CARANZA
102 actions detected in the replay
| 0:01 | Queue | Villager (Male) |
| 0:02 | Queue | Villager (Male) |
| 0:02 | Queue | Villager (Male) |
| 0:02 | Queue | Villager (Male) |
| 0:02 | Queue | Villager (Male) |
| 0:03 | Build | House |
| 0:04 | Build | House |
| 0:48 | Research | Loom |
| 1:33 | Queue | Villager (Male) |
| 1:49 | Build | Lumber Camp |
| 2:06 | Queue | Villager (Male) |
| 2:33 | Queue | Villager (Male) |
| 2:59 | Queue | Villager (Male) |
| 3:01 | Build | House |
| 3:18 | Queue | Villager (Male) |
| 3:52 | Queue | Villager (Male) |
| 4:13 | Queue | Villager (Male) |
| 4:47 | Queue | Villager (Male) |
| 4:47 | Queue | Villager (Male) |
| 4:47 | Queue | Villager (Male) |
| 4:48 | Queue | Villager (Male) |
| 5:19 | Queue | Villager (Male) |
| 5:22 | Queue | Villager (Male) |
| 5:24 | Build | House |
| 5:56 | Build | House |
| 6:12 | Queue | Villager (Male) |
| 6:13 | Queue | Villager (Male) |
| 6:13 | Queue | Villager (Male) |
| 7:07 | Queue | Villager (Male) |
| 7:24 | Queue | Villager (Male) |
| 8:03 | Build | Mill |
| 8:22 | Queue | Villager (Male) |
| 8:23 | Queue | Villager (Male) |
| 8:50 | Queue | Villager (Male) |
| 8:54 | Build | Farm |
| 8:55 | Build | Farm |
| 8:58 | Build | Farm |
| 9:01 | Build | Farm |
| 9:07 | Queue | Villager (Male) |
| 9:50 | Queue | Villager (Male) |
| 10:04 | Build | Mining Camp |
| 10:27 | Research | Feudal Age |
| 10:54 | Build | Mining Camp |
| 11:24 | Build | House |
| 11:25 | Build | House |
| 12:37 | Age | Feudal Age |
| 12:39 | Queue | Villager (Male) |
| 12:40 | Research | Double-Bit Axe |
| 12:41 | Queue | Villager (Male) |
| 12:55 | Build | Market |
| 13:12 | Queue | Villager (Male) |
| 13:37 | Queue | Villager (Male) |
| 13:47 | Build | Blacksmith |
| 14:15 | Queue | Villager (Male) |
| 14:28 | Research | Castle Age |
| 14:32 | Build | Lumber Camp |
| 14:38 | Build | House |
| 14:39 | Build | House |
| 15:52 | Build | House |
| 15:53 | Build | House |
| 16:04 | Build | Farm |
| 16:05 | Build | Farm |
| 17:24 | Age | Castle Age |
| 17:25 | Queue | Villager (Male) |
| 17:25 | Queue | Villager (Male) |
| 17:44 | Build | Town Center |
| 17:59 | Build | Monastery |
| 18:00 | Queue | Villager (Male) |
| 18:07 | Build | Town Center |
| 18:16 | Research | Bow Saw |
| 18:17 | Queue | Villager (Male) |
| 18:44 | Queue | Villager (Male) |
| 18:46 | Research | Wheelbarrow |
| 18:53 | Queue | Monk |
| 18:57 | Queue | Villager (Male) |
| 18:57 | Queue | Villager (Male) |
| 19:00 | Queue | Villager (Male) |
| 19:01 | Queue | Villager (Male) |
| 19:01 | Queue | Villager (Male) |
| 19:29 | Queue | Villager (Male) |
| 19:30 | Queue | Villager (Male) |
| 19:30 | Queue | Villager (Male) |
| 19:30 | Queue | Villager (Male) |
| 19:33 | Build | Farm |
| 19:34 | Build | Farm |
| 19:35 | Build | Farm |
| 19:37 | Build | Farm |
| 19:39 | Build | Farm |
| 19:48 | Queue | Villager (Male) |
| 19:50 | Queue | Villager (Male) |
| 20:26 | Queue | Villager (Male) |
| 20:30 | Research | Gold Mining |
| 20:35 | Build | Barracks |
| 20:42 | Queue | Monk |
| 20:45 | Queue | Villager (Male) |
| 20:59 | Queue | Villager (Male) |
| 21:05 | Build | Farm |
| 21:07 | Build | Farm |
| 21:08 | Build | Farm |
| 21:09 | Build | Farm |
| 21:20 | Build | Stable |
| 21:24 | Queue | Villager (Male) |
Build order — 鐵之貝克
123 actions detected in the replay
| 0:01 | Queue | Villager (Male) |
| 0:01 | Queue | Villager (Male) |
| 0:02 | Queue | Villager (Male) |
| 0:02 | Queue | Villager (Male) |
| 0:02 | Queue | Villager (Male) |
| 0:04 | Build | House |
| 0:16 | Research | Loom |
| 0:35 | Build | House |
| 0:44 | Build | Mill |
| 0:47 | Queue | Villager (Male) |
| 0:47 | Queue | Villager (Male) |
| 0:47 | Queue | Villager (Male) |
| 1:52 | Build | House |
| 2:09 | Queue | Villager (Male) |
| 2:10 | Queue | Villager (Male) |
| 3:19 | Build | House |
| 3:23 | Queue | Villager (Male) |
| 3:24 | Queue | Villager (Male) |
| 3:24 | Queue | Villager (Male) |
| 3:51 | Queue | Villager (Male) |
| 3:51 | Queue | Villager (Male) |
| 3:56 | Queue | Villager (Male) |
| 3:57 | Queue | Villager (Male) |
| 4:29 | Queue | Villager (Male) |
| 4:29 | Queue | Villager (Male) |
| 4:41 | Queue | Villager (Male) |
| 4:42 | Queue | Villager (Male) |
| 4:50 | Build | Palisade Wall |
| 5:05 | Queue | Villager (Male) |
| 5:05 | Queue | Villager (Male) |
| 5:05 | Queue | Villager (Male) |
| 5:21 | Queue | Villager (Male) |
| 5:21 | Queue | Villager (Male) |
| 5:38 | Build | Palisade Wall |
| 5:57 | Queue | Villager (Male) |
| 5:57 | Queue | Villager (Male) |
| 6:43 | Build | House |
| 7:02 | Queue | Villager (Male) |
| 7:02 | Queue | Villager (Male) |
| 7:03 | Queue | Villager (Male) |
| 7:03 | Queue | Villager (Male) |
| 7:03 | Queue | Villager (Male) |
| 7:03 | Queue | Villager (Male) |
| 7:16 | Build | House |
| 7:26 | Queue | Villager (Male) |
| 7:27 | Queue | Villager (Male) |
| 7:33 | Queue | Villager (Male) |
| 7:56 | Build | Lumber Camp |
| 8:12 | Queue | Villager (Male) |
| 8:13 | Queue | Villager (Male) |
| 8:42 | Queue | Villager (Male) |
| 8:42 | Queue | Villager (Male) |
| 8:59 | Queue | Villager (Male) |
| 9:07 | Queue | Villager (Male) |
| 9:31 | Research | Feudal Age |
| 10:42 | Build | Mining Camp |
| 11:38 | Queue | Villager (Male) |
| 11:38 | Queue | Villager (Male) |
| 11:47 | Queue | Villager (Male) |
| 11:49 | Age | Feudal Age |
| 11:59 | Build | Market |
| 12:10 | Build | Blacksmith |
| 12:58 | Build | Gate |
| 13:04 | Queue | Villager (Male) |
| 13:16 | Build | Stone Wall |
| 13:19 | Build | Stone Wall |
| 13:22 | Build | Stone Wall |
| 13:25 | Build | Mining Camp |
| 13:37 | Research | Castle Age |
| 13:38 | Research | Castle Age |
| 13:45 | Build | House |
| 13:46 | Build | House |
| 13:47 | Build | House |
| 13:47 | Build | House |
| 13:48 | Build | House |
| 13:48 | Build | House |
| 13:53 | Build | House |
| 14:18 | Research | Double-Bit Axe |
| 15:09 | Build | Outpost |
| 15:28 | Research | Fletching |
| 15:42 | Queue | Villager (Male) |
| 15:51 | Research | Gold Mining |
| 16:17 | Age | Castle Age |
| 16:22 | Build | Siege Workshop |
| 16:23 | Queue | Villager (Male) |
| 16:24 | Queue | Villager (Male) |
| 16:30 | Build | Town Center |
| 16:58 | Queue | Villager (Male) |
| 17:01 | Queue | Mangonel |
| 17:27 | Queue | Villager (Male) |
| 17:27 | Queue | Villager (Male) |
| 17:48 | Build | Farm |
| 17:49 | Build | Farm |
| 17:59 | Build | Barracks |
| 18:13 | Queue | Villager (Male) |
| 18:17 | Queue | Villager (Male) |
| 18:20 | Build | Farm |
| 18:54 | Queue | Scorpion |
| 18:59 | Queue | Villager (Male) |
| 18:59 | Queue | Villager (Male) |
| 19:05 | Queue | Spearman |
| 19:21 | Queue | Scorpion |
| 19:49 | Queue | Scorpion |
| 19:49 | Queue | Villager (Male) |
| 19:50 | Queue | Villager (Male) |
| 19:50 | Queue | Villager (Male) |
| 19:51 | Build | Farm |
| 19:52 | Build | Farm |
| 20:16 | Queue | Villager (Male) |
| 20:18 | Queue | Villager (Male) |
| 20:23 | Build | Castle |
| 20:45 | Build | Town Center |
| 20:47 | Queue | Villager (Male) |
| 20:53 | Build | Farm |
| 21:16 | Build | House |
| 21:19 | Build | House |
| 21:31 | Build | House |
| 21:52 | Queue | Villager (Male) |
| 21:52 | Queue | Villager (Male) |
| 21:52 | Queue | Villager (Male) |
| 21:54 | Build | Farm |
| 21:55 | Build | Farm |
| 21:57 | Build | Farm |
Match timeline
| 0:48 | TdB.victor2.01 · wall_segment Palisade Wall x10 |
| 1:02 | TdB.victor2.01 · wall_segment Palisade Wall x7 |
| 1:08 | Marneus · wall_segment Palisade Wall x9 |
| 4:50 | 鐵之貝克 · wall_segment Palisade Wall x3 |
| 5:38 | 鐵之貝克 · wall_segment Palisade Wall x7 |
| 10:06 | 76561199637642898 · age_up feudal |
| 10:08 | 76561199637642898 · wall_segment Stone Wall x10 |
| 10:12 | 76561199637642898 · wall_segment Stone Wall x18 |
| 11:09 | Wololoagain1 · wall_segment Palisade Wall x8 |
| 11:43 | Wololoagain1 · age_up feudal |
| 11:49 | 鐵之貝克 · age_up feudal |
| 12:05 | Wololoagain1 · wall_segment Stone Wall x7 |
| 12:37 | CARANZA · age_up feudal |
| 12:39 | 蕾开丝滑 · age_up feudal |
| 12:43 | Marneus · age_up feudal |
| 13:03 | Tintagel · age_up feudal |
| 13:15 | Tintagel · first_building Barracks |
| 13:16 | 鐵之貝克 · wall_segment Stone Wall x3 |
| 13:19 | 鐵之貝克 · wall_segment Stone Wall x4 |
| 13:22 | 鐵之貝克 · wall_segment Stone Wall x1 |
| 14:01 | TdB.victor2.01 · age_up feudal |
| 14:01 | Marneus · first_market_sell 100 wood |
| 15:13 | Wololoagain1 · age_up castle |
| 16:17 | 鐵之貝克 · age_up castle |
| 16:22 | 鐵之貝克 · first_building Siege Workshop |
| 16:28 | 76561199637642898 · age_up castle |
| 16:42 | Marneus · age_up castle |
| 16:46 | 76561199637642898 · first_building Castle |
| 17:20 | Marneus · first_market_buy 100 stone |
| 17:24 | CARANZA · age_up castle |
| 17:27 | 蕾开丝滑 · age_up castle |
| 17:37 | TdB.victor2.01 · age_up castle |
| 17:55 | Marneus · first_building Barracks |
| 17:59 | 鐵之貝克 · first_building Barracks |
| 17:59 | CARANZA · first_building Monastery |
| 18:42 | TdB.victor2.01 · first_building Siege Workshop |
| 18:57 | Marneus · first_building Stable |
| 20:15 | Wololoagain1 · first_building Castle |
| 20:23 | 鐵之貝克 · first_building Castle |
| 20:35 | CARANZA · first_building Barracks |
| 20:43 | Wololoagain1 · wall_segment Palisade Wall x1 |
| 20:48 | 76561199637642898 · first_building Siege Workshop |
| 21:20 | Marneus · wall_segment Palisade Wall x11 |
| 21:20 | CARANZA · first_building Stable |
| 21:24 | TdB.victor2.01 · resign |
| 21:52 | 蕾开丝滑 · first_building Castle |
[ AI ANALYSIS · 1 CREDIT ]
What really happened in this match?
Wolo.gg analyzes every decision: build order, eco, micro, common mistakes by bracket. Personalized analysis on WhatsApp or Discord in 30 seconds.
Civ guide
Berbers
Perfil
Marneus